 Dungeon Sprint DCSS version 0.17-a0-1910-g4c791fa (webtiles) character file.

8000000 Ordine the Formicid Barricade (level 27, -31/249 HPs)
             Began as a Formicid Fighter on Sept 26, 2015.
             Was the Champion of Makhleb.
             Annihilated by The Servant
             ... wielding a +9 glaive of flaming
              (105 damage)
             ... in the Dungeon (Sprint VIII: "Arena of Blood").
             The game lasted 00:04:45 (80 turns).

Ordine the Formicid Barricade (Formicid Fighter)      Turns: 80, Time: 00:04:45

Health: -31/249    AC: 13    Str: 23    XL:     27
Magic:  38/54      EV: 32    Int: 10    God:    Makhleb [******]
Gold:   0          SH: 19    Dex: 19    Spells: 0 memorised, 80 levels left

rFire  . . .     SeeInvis +     k - +∞ Axe of Woe
rCold  . . .     Clarity  .     a - +0 scale mail
rNeg   . . .     SustAt   .     b - +0 shield
rPois  .         Gourm    .     (helmet unavailable)
rElec  .         Spirit   .     (no cloak)
rCorr  .         Warding  .     (no gloves)
rMut   .         Stasis   +     (no boots)
MR     ++...                    (no amulet)
Stlth  ++++++++..               (no ring)
                                l - ring of see invisible

@: very resistant to hostile enchantments, extraordinarily stealthy
A: permanent stasis, dig shafts and tunnels, four strong arms, antennae 3
a: Dig, Minor Destruction, Lesser Servant of Makhleb, Major Destruction, Greater
Servant of Makhleb, Renounce Religion


You were in the Dungeon.
You worshipped Makhleb.
Makhleb was exalted by your worship.
You were not hungry.

You visited 1 branch

Inventory:

Hand weapons
 k - the +∞ Axe of Woe (weapon)
   (You found it in the Dungeon)
Armour
 a - a +0 scale mail (worn)
 b - a +0 shield (worn)
Jewellery
 l - a ring of see invisible (left hand)
Scrolls
 j - a scroll of blinking
Potions
 c - a potion of might
 e - a potion of curing
 g - a potion of haste
 h - 2 potions of magic
 i - a potion of berserk rage
Comestibles
 d - a bread ration


   Skills:
 O Level 27 Fighting
 O Level 27 Axes
 O Level 27 Throwing
 O Level 27 Armour
 O Level 27 Dodging
 O Level 27 Stealth
 O Level 27 Shields
 O Level 27 Unarmed Combat
 O Level 27 Spellcasting
 O Level 27 Invocations


You had 80 spell levels left.
You didn't know any spells.

Dungeon Overview and Level Annotations

Branches:
Dungeon (1/1)

Altars:
Makhleb

Annotations:
D The Servant


Innate Abilities, Weirdness & Mutations

You are under a permanent stasis effect.
You can dig through walls and to a lower floor.
Your four strong arms can wield two-handed weapons with a shield.
You have a pair of large antennae on your head (SInv).


Message History

You dig through the rock wall.
You hear a shout! x13
You can't dig through that.
You hear a shout! x5
You block The Servant's attack.
You hear a shout! x5
You hear a shout! x7
The Servant hits you from afar with a +9 glaive of flaming!!!!
* * * LOW HITPOINT WARNING * * *
The Servant burns you!
* * * LOW HITPOINT WARNING * * *
You hear a shout! x3
Use which ability?
Okay, then.
Drink which item? (? for menu, Esc to quit)
You feel much better.
The tentacled monstrosity disappears in a puff of smoke!
You hear a shout! x6
The Servant hits you from afar with a +9 glaive of flaming!!!!
You die...

......XoXX..O..
....%X§o)......
#######L#######
#.## #ox# ##C#
#@# #.# #@# #.#
▓▓▓ { { {


You could see a tyrant, The Servant, a large bag of meat (inner flame), a small
abomination and 2 bags of meat.

Vanquished Creatures
  8 vampire knights (D)
  17 ogres (D)
  44 orcs (D)
  6 hill giants (D)
  4 skeletal warriors (D)
  5 large abominations (D)
  3 small abominations (D)
  A crawling corpse (D)
88 creatures vanquished.

Vanquished Creatures (others)
  A small abomination (D)
  5 crawling corpses (D)
6 creatures vanquished.

Grand Total: 94 creatures vanquished

Notes
Turn   | Place    | Note
--------------------------------------------------------------
     0 | D        | Ordine the Formicid Fighter began the quest for the Orb.
     0 | D        | Reached XP level 1. HP: 18/18 MP: 1/1
     3 | D        | Noticed a bag of meat
     4 | D        | Noticed a bag of meat
     4 | D        | Noticed a bag of meat
     4 | D        | Became a worshipper of Makhleb the Destroyer
     5 | D        | Noticed a bag of meat
     5 | D        | Noticed a bag of meat
     7 | D        | Noticed a bag of meat
     7 | D        | Noticed a bag of meat
     7 | D        | Killed a bag of meat
     7 | D        | Reached skill level 17 in Fighting
     7 | D        | Reached skill level 18 in Shields
     7 | D        | Reached XP level 2. HP: 21/47 MP: 2/2
     7 | D        | Reached XP level 3. HP: 23/53 MP: 3/3
     7 | D        | Reached XP level 4. HP: 26/60 MP: 4/4
     7 | D        | Reached XP level 5. HP: 29/67 MP: 5/5
     7 | D        | Reached XP level 6. HP: 32/74 MP: 6/6
     7 | D        | Reached XP level 7. HP: 34/80 MP: 7/7
     7 | D        | Reached XP level 8. HP: 36/87 MP: 8/8
     7 | D        | Reached XP level 9. HP: 38/93 MP: 9/9
     7 | D        | Reached XP level 10. HP: 41/101 MP: 10/10
     7 | D        | Reached XP level 11. HP: 43/107 MP: 11/11
     7 | D        | Reached XP level 12. HP: 45/114 MP: 12/12
     8 | D        | Noticed a bag of meat
     8 | D        | Noticed a bag of meat
     8 | D        | Noticed a bag of meat
     8 | D        | Noticed a bag of meat
     8 | D        | Noticed a bag of meat
     8 | D        | Noticed a bag of meat
     8 | D        | Noticed a bag of meat
     8 | D        | Noticed a bag of meat
     8 | D        | Noticed a bag of meat
     8 | D        | Noticed a bag of meat
     8 | D        | Noticed a bag of meat
     9 | D        | Noticed a bag of meat
     9 | D        | Noticed a bag of meat
     9 | D        | Killed a bag of meat
     9 | D        | Acquired Makhleb's first power
     9 | D        | Reached skill level 19 in Fighting
     9 | D        | Reached skill level 20 in Shields
     9 | D        | Reached skill level 10 in Unarmed Combat
     9 | D        | Reached XP level 13. HP: 47/126 MP: 13/13
     9 | D        | Killed a bag of meat
     9 | D        | Reached skill level 21 in Fighting
     9 | D        | Reached skill level 22 in Shields
     9 | D        | Reached XP level 14. HP: 49/138 MP: 14/14
    10 | D        | Noticed a bag of meat
    10 | D        | Noticed a large bag of meat
    10 | D        | Noticed a bag of meat
    10 | D        | Killed a bag of meat
    10 | D        | Acquired Makhleb's second power
    10 | D        | Reached skill level 23 in Shields
    10 | D        | Reached XP level 15. HP: 52/148 MP: 15/15
    10 | D        | Killed a bag of meat
    10 | D        | Reached skill level 5 in Axes
    10 | D        | Reached skill level 25 in Shields
    10 | D        | Killed a bag of meat
    10 | D        | Acquired Makhleb's third power
    10 | D        | Reached skill level 26 in Shields
    10 | D        | Reached XP level 16. HP: 98/161 MP: 16/16
    11 | D        | Noticed a bag of meat
    11 | D        | Noticed a meat berserker
    11 | D        | Killed a bag of meat
    11 | D        | Killed a bag of meat
    11 | D        | Reached skill level 27 in Shields
    11 | D        | Killed a bag of meat
    11 | D        | Acquired Makhleb's fourth power
    11 | D        | Reached skill level 27 in Fighting
    11 | D        | Reached skill level 27 in Armour
    11 | D        | Reached XP level 17. HP: 172/174 MP: 17/17
    12 | D        | Killed a bag of meat
    12 | D        | Reached skill level 15 in Axes
    12 | D        | Killed a bag of meat
    12 | D        | Reached XP level 18. HP: 182/182 MP: 18/18
    12 | D        | Killed a bag of meat
    12 | D        | Acquired Makhleb's fifth power
    12 | D        | Killed a bag of meat
    12 | D        | Killed a bag of meat
    13 | D        | Noticed a meat berserker
    13 | D        | Noticed a meat berserker
    13 | D        | Killed a bag of meat
    13 | D        | Reached XP level 19. HP: 189/189 MP: 19/19
    13 | D        | Killed a bag of meat
    13 | D        | Reached skill level 27 in Axes
    13 | D        | Killed a bag of meat
    13 | D        | Reached skill level 27 in Unarmed Combat
    13 | D        | Killed a bag of meat
    13 | D        | Reached skill level 5 in Throwing
    13 | D        | Reached XP level 20. HP: 197/197 MP: 19/29
    13 | D        | Killed a bag of meat
    14 | D        | Noticed a bag of meat
    14 | D        | Killed a bag of meat
    14 | D        | Reached skill level 10 in Dodging
    14 | D        | Killed a large bag of meat
    15 | D        | Noticed a bag of meat
    16 | D        | Killed a meat berserker
    16 | D        | Reached skill level 15 in Spellcasting
    16 | D        | Reached XP level 21. HP: 204/204 MP: 19/40
    16 | D        | Killed a bag of meat
    17 | D        | Noticed a bag of meat
    17 | D        | Killed a meat berserker
    17 | D        | Reached skill level 15 in Throwing
    18 | D        | Noticed a meat berserker
    18 | D        | Killed a bag of meat
    19 | D        | Noticed a bag of meat
    19 | D        | Noticed a bag of meat
    19 | D        | Killed a meat berserker
    19 | D        | Reached XP level 22. HP: 212/212 MP: 20/46
    20 | D        | Noticed a meat berserker
    20 | D        | Noticed a large bag of meat
    21 | D        | Noticed a large bag of meat
    21 | D        | Noticed a bag of meat
    21 | D        | Noticed a bag of meat
    21 | D        | Noticed a destroyer
    22 | D        | Killed a bag of meat
    22 | D        | Killed a bag of meat
    23 | D        | Noticed a large bag of meat
    24 | D        | Killed a large bag of meat
    24 | D        | Reached skill level 27 in Stealth
    24 | D        | Killed a meat berserker
    24 | D        | Reached skill level 27 in Invocations
    24 | D        | Reached XP level 23. HP: 219/219 MP: 21/50
    24 | D        | Killed a bag of meat
    25 | D        | Noticed a large bag of meat
    25 | D        | Noticed a bag of meat
    26 | D        | Noticed a bag of meat
    26 | D        | Killed a bag of meat
    27 | D        | Killed a bag of meat
    28 | D        | Killed a large bag of meat
    28 | D        | Reached skill level 27 in Spellcasting
    28 | D        | Killed a meat berserker
    28 | D        | Reached skill level 27 in Dodging
    28 | D        | Reached XP level 24. HP: 227/227 MP: 22/54
    29 | D        | Noticed a meat berserker
    29 | D        | Killed a bag of meat
    29 | D        | Reached skill level 27 in Throwing
    30 | D        | Killed a destroyer
    30 | D        | Killed a bag of meat
    30 | D        | Reached XP level 25. HP: 234/234 MP: 22/54
    31 | D        | Noticed a meat berserker
    31 | D        | Noticed a meat berserker
    31 | D        | Noticed a bag of meat
    31 | D        | Killed a large bag of meat
    32 | D        | Noticed a meat berserker
    32 | D        | Killed a bag of meat
    33 | D        | Noticed a meat berserker
    33 | D        | Noticed a meat berserker
    33 | D        | Noticed a bag of meat
    33 | D        | Noticed a large bag of meat
    33 | D        | Noticed a destroyer
    34 | D        | Noticed a destroyer
    34 | D        | Noticed a sculptor of flesh
    34 | D        | Killed a bag of meat
    34 | D        | Killed a sculptor of flesh
    35 | D        | Noticed a bag of meat
    35 | D        | Noticed a destroyer
    35 | D        | Killed a meat berserker
    35 | D        | Killed a meat berserker
    35 | D        | Reached XP level 26. HP: 242/242 MP: 24/54
    36 | D        | Noticed a bag of meat
    36 | D        | Noticed The Servant
    36 | D        | Noticed a bag of meat
    36 | D        | Killed a meat berserker
    36 | D        | Killed a destroyer
    37 | D        | Noticed a bag of meat
    37 | D        | Noticed a bag of meat
    37 | D        | Noticed a bag of meat
    37 | D        | Noticed a large bag of meat
    37 | D        | Noticed a sculptor of flesh
    37 | D        | Killed a bag of meat
    37 | D        | Reached XP level 27. HP: 237/249 MP: 24/54
    37 | D        | Killed a meat berserker
    38 | D        | Noticed a destroyer
    38 | D        | Noticed a sculptor of flesh
    38 | D        | Killed a destroyer
    39 | D        | Noticed a bag of meat
    39 | D        | Killed a meat berserker
    39 | D        | Killed a meat berserker
    39 | D        | Killed a large bag of meat
    40 | D        | Noticed a destroyer
    40 | D        | Noticed a bag of meat
    41 | D        | Killed a destroyer
    41 | D        | Killed a bag of meat
    42 | D        | Noticed a bag of meat
    42 | D        | Noticed a meat berserker
    42 | D        | Killed a sculptor of flesh
    42 | D        | Killed a destroyer
    43 | D        | Noticed a destroyer
    45 | D        | Killed a bag of meat
    45 | D        | Killed a bag of meat
    45 | D        | Killed a destroyer
    45 | D        | Killed a bag of meat
    46 | D        | Noticed a meat berserker
    47 | D        | Noticed a meat berserker
    48 | D        | Killed a large bag of meat
    48 | D        | Killed a bag of meat
    48 | D        | Killed a destroyer
    49 | D        | Noticed a destroyer
    49 | D        | Killed a meat berserker
    49 | D        | Killed a bag of meat
    50 | D        | Killed a destroyer
    52 | D        | Noticed a meat berserker
    53 | D        | Noticed a bag of meat
    55 | D        | Killed a meat berserker
    55 | D        | Killed a bag of meat
    55 | D        | Killed a meat berserker
    56 | D        | Noticed a sculptor of flesh
    56 | D        | Noticed a tyrant
    56 | D        | Killed a bag of meat
    57 | D        | Noticed a bag of meat
    57 | D        | Killed a bag of meat
    58 | D        | Killed a bag of meat
    58 | D        | Killed a bag of meat
    59 | D        | Noticed a bag of meat
    59 | D        | Noticed a meat berserker
    60 | D        | Noticed a large bag of meat
    61 | D        | Killed a meat berserker
    62 | D        | Noticed a meat berserker
    65 | D        | Killed a sculptor of flesh
    66 | D        | Killed a bag of meat
    67 | D        | Killed a meat berserker
    68 | D        | Killed a meat berserker
    69 | D        | Noticed a meat beast
    75 | D        | Killed a sculptor of flesh
    80 | D        | Annihilated by The Servant

Vault maps used:
D:        meatsprint

Action                   |  1- 3 |  4- 6 |  7- 9 | 10-12 | 13-15 | 16-18 | 19-21 | 22-24 | 25-27 || total
-------------------------+-------+-------+-------+-------+-------+-------+-------+-------+-------++-------
Melee: Executioner's axe |     1 |       |       |     1 |     1 |     3 |     5 |     7 |    26 ||    44
 Abil: Dig               |     1 |       |       |       |       |       |       |       |     3 ||     4
  Use: Potion            |       |       |       |       |       |       |       |       |     1 ||     1
